Unix NetHack Version 3.7.0-88 Work-in-progress - last build Aug 21 2023 04:08:40 (b68ccb3e4f8f5dcb83e1e40b1ff56e7dffd4cd28,branch:master). Game began 2023-09-06 19:42:15, ended 2023-09-12 12:54:32. death501, lawful female dwarven Valkyrie ----- ------ ----- |...| |....| |..`| |...| ###...... 0 |u@..####0############################ |...| ## |....| ##|...| ######--------.------ ------.-------- |...| # |....-#####--.--#### #..............| |.............| |.<.| # |....| ######### |..............####-.............| -)-+- # -|---- |.............| |.............| ########## ###(## --------------- |.............| # ##### %# --------------- ## # ######### # # # ###### # ------.-# # |..)...|# -.--- # |......|# |...-## |......|######## |...| |.......### -|------------ ------------ |...| |......| ## |............| |...>......| |.{.| -------- ###..............####-..........| ----- -------------- ------------ Death501 the Fighter St:18/03 Dx:11 Co:13 In:11 Wi:6 Ch:8 Lawful Dlvl:6 $:0 HP:0(51) Pw:8(8) AC:4 Xp:6/494 T:5848 Latest messages: What do you want to drop? You drop 272 gold pieces. Pick an object. You are beginning to feel hungry. You hit the leprechaun! What do you want to eat? It is not so easy to open this tin. You hear a gurgling noise. You succeed in opening the tin. It smells like floating eyes. Eat it? y You consume pureed floating eye. You feel a strange mental acuity. What do you want to name? There are many objects here. The gnome mummy hits! The gnome mummy hits! You hit the gnome mummy! The gnome mummy hits! You destroy the gnome mummy! I - a mummy wrapping. You descend the stairs. You climb up the stairs. You see here a pruning hook. There are many objects here. You kill the gecko! There is an open door here. You see here a bag. J - a bag. The gray unicorn misses! The gray unicorn misses! The gray unicorn butts! The gray unicorn kicks! The gray unicorn butts! The gray unicorn kicks! The gray unicorn butts! The gray unicorn kicks! The gray unicorn butts! The gray unicorn kicks! What do you want to write with? You write in the dust with your fingertip. The gray unicorn turns to flee. The gray unicorn butts! The gray unicorn kicks! You die... Do you want your possessions identified? y Do you want to see your attributes? y Do you want an account of creatures vanquished? y Do you want to see your conduct and achievements? y Do you want to see the dungeon overview? y Inventory: Amulets s - an uncursed amulet of ESP named 75 Weapons z - 8 +0 darts (at the ready) a - a blessed +1 dwarvish spear (weapon in hand) Armor t - an uncursed +0 elven leather helm (being worn) u - an uncursed +0 pair of elven boots named 4 k - an uncursed +0 pair of water walking boots named 25 (being worn) c - an uncursed +3 small shield (being worn) I - an uncursed +0 mummy wrapping Scrolls E - an uncursed scroll of amnesia named 100 w - an uncursed scroll of create monster named 100 g - an uncursed scroll of enchant weapon named 30 Potions f - 2 uncursed potions of fruit juice named 25 y - a blessed potion of gain energy named 75 G - an uncursed potion of healing named 50 q - an uncursed potion of restore ability named 50 Rings l - an uncursed ring of poison resistance named 75 Wands x - a wand of speed monster (0:0) Tools J - an empty uncursed sack C - an uncursed blindfold named poison telepathy H - an uncursed brass lantern Gems/Stones D - an uncursed worthless piece of blue glass p - an uncursed worthless piece of violet glass named 3 j - an uncursed worthless piece of yellowish brown glass named 3 Death501 the Valkyrie's attributes: Background: You were a Fighter, a level 6 dwarven Valkyrie. You were lawful, on a mission for Tyr who was opposed by Odin (neutral) and Loki (chaotic). You were in the Dungeons of Doom, on level 6. You entered the dungeon 5848 turns ago. You had 494 experience points, 146 more were needed to attain level 7. Basics: You had 0 out of 51 hit points. You had all 8 energy points (spell power). Your armor class was 4. Your wallet was empty. Autopickup was on for '$' plus thrown. Final Characteristics: Your strength was 18/03 (peak:18/04, limit:18/100). Your dexterity was 11 (peak:12, limit:20). Your constitution was 13 (peak:16, limit:20). Your intelligence was 11 (limit:16). Your wisdom was 6 (peak:7, limit:16). Your charisma was 8 (limit:16). Final Status: You were not hungry. You were unencumbered. You were wielding a spear. You were skilled in spear. Final Attributes: You were piously aligned. You were cold resistant. You were poison resistant. You were telepathic. You had infravision. You were stealthy. You could walk on water. You are dead. Miscellaneous: You encountered 1 bones level. Total elapsed playing time was 1 hour, 46 minutes and 10 seconds. Major events: Turn 1: death501 the lawful dwarven Valkyrie entered the dungeon 921: entered the Gnomish Mines 1470: attained the rank of Skirmisher (level 3) 4571: attained the rank of Fighter (level 6) 4629: destroyed mgm7734's ghost, the former Conjurer 5848: killed by a gray unicorn Vanquished creatures: a ghost 3 leprechauns a housecat a gnome mummy a shrieker 4 giant ants 3 floating eyes 2 kobold leaders 2 hill orcs 2 rabid rats a monkey 3 iguanas 2 killer bees an acid blob a coyote a gas spore a hobbit a large kobold a giant rat a cave spider 2 brown molds 2 yellow molds 2 red molds 3 gnome zombies 5 geckos 17 jackals a goblin 2 grid bugs 10 lichens 2 kobold zombies 9 newts 88 creatures vanquished. No species were genocided or became extinct. Voluntary challenges: You read items or engraved 8 times. You engraved Elbereth 5 times. You never genocided any monsters. You never polymorphed an object. You never changed form. You used no wishes. Achievements: You entered a shop. You entered the Gnomish Mines. You attained the rank of Skirmisher. You attained the rank of Fighter. The Dungeons of Doom: levels 1 to 7 Level 1: A fountain. Level 2: "misc items on altar" A general store, an altar. Level 3: An armor shop. Stairs down to The Gnomish Mines. Level 4: A jewelers, a grave. Level 5: "doggo @ web" Level 6: <- You were here. A sink. Final resting place for you, killed by a gray unicorn, mgm7734-Wiz-Hum-Fem-Neu, killed by a giant ant. Level 7: The Gnomish Mines: Level 4: Game over: ---------- / \ / REST \ / IN \ / PEACE \ / \ | death501 | | 0 Au | | killed by a gray | | unicorn | | | | | | 2023 | *| * * * | * _________)/\\_//(\/(/\)/\//\/|_)_______ Farvel death501 the Valkyrie... You died in The Dungeons of Doom on dungeon level 6 with 2286 points, and 0 pieces of gold, after 5848 moves. You were level 6 with a maximum of 51 hit points when you died.